Map: Кислотный завод РВ

Players

Lambo - Winner!

  • Race: Zerg Zerg
  • Spawn Location: 11:00

Elazer

  • Race: Zerg Zerg
  • Spawn Location: 5:00

Event: WESG 2017 Haikou

VOD

Have the link to the VOD?

Description

Time

  • Played on: March 15, 2018, 10:08 p.m.
  • Length: 9:00

All games in this series

Show
View Real Time Build Order
Export as new Build Order

Lambo Zerg - Winner!

Build Orders: Hatch First 

Get SALT Encoding   

  12  0:01  Drone  
  13  0:13  Overlord  
  13  0:16  Drone  
  14  0:31  Drone x2  
  14  0:35  Drone  
  17  0:51  Hatchery  
  17  0:55  Drone  
  17  0:58  Drone  
  18  1:09  Extractor  
  17  1:12  Spawning Pool  
  17  1:16  Drone  
  17  1:19  Drone  
  18  1:28  Drone  
  19  1:39  Overlord  
  19  1:49  Drone  
  20  1:59  Queen  
  22  2:01  Drone  
  22  2:03  Queen  
  22  2:04  Drone  
  26  2:08  Metabolic Boost  
  26  2:11  Zergling x2  
  26  2:15  Drone  
  28  2:26  Zergling x4  
  30  2:36  Hatchery  
  29  2:38  Drone  
  30  2:44  Baneling Nest  
  30  2:45  Drone  
  30  2:48  Drone  
  31  2:58  Overlord  
  31  3:00  Drone x2  
  31  3:05  Drone  
  34  3:12  Drone  
  35  3:19  Zergling x2  
  36  3:20  Drone  
  36  3:23  Zergling x6  
  36  3:24  Zergling x4  
  42  3:35  Baneling x2  
  42  3:36  Zergling x4  
  42  3:39  Baneling x2  
  44  3:48  Queen  
  45  3:52  Overlord  
  45  3:53  Overlord  
  45  3:55  Baneling x2  
  44  3:56  Overlord  
  44  3:57  Zergling x8  
  48  4:07  Drone x2  
  50  4:10  Overlord  
  50  4:12  Roach Warren  
  50  4:14  Drone  
  50  4:15  Extractor  
  48  4:18  Drone x3  
  48  4:20  Drone  
  48  4:22  Drone  
  51  4:25  Drone  
  51  4:29  Drone  
  53  4:36  Drone x2  
  54  4:44  Drone  
  54  4:47  Drone  
  54  4:48  Drone x2  
  54  4:51  Extractor  
  55  4:52  Drone  
  55  4:53  Drone  
  55  4:54  Evolution Chamber  
  55  5:03  Roach x5  
  65  5:11  Roach x2  
  65  5:12  Roach  
  70  5:16  Roach  
  70  5:19  Overlord  
  72  5:33  Roach  
  73  5:36  Overlord x2  
  73  5:38  Roach x4  
  73  5:42  Overlord  
  81  5:46  Overlord  
  81  5:56  Roach x3  
  81  5:57  Roach x2  
  90  6:00  Roach x2  
  90  6:02  Roach  
  90  6:03  Roach  
  97  6:06  Roach  
  97  6:10  Roach x2  
  101  6:14  Ravager  
  103  6:19  Zergling x6  
  103  6:21  Zergling x2  
  107  6:26  Zergling x6  
  107  6:31  Zergling x4  
  106  6:33  Zergling x4  
  97  6:42  Zergling x4  
  97  6:46  Zergling x4  
  97  6:47  Zergling x2  
  87  6:49  Zergling x2  
  87  6:54  Zergling x4  
  79  6:57  Zergling x2  
  68  7:07  Roach x3  
  70  7:15  Roach x3  
  76  7:16  Roach  
  76  7:18  Roach x2  
  76  7:22  Ravager  
  84  7:23  Ravager x3  
  84  7:25  Zergling x2  
  84  7:28  Zergling x8  
  90  7:36  Zergling x2  
  91  7:40  Zergling x4  
  91  7:42  Ravager x2  
  91  7:43  Zergling x4  
  91  7:44  Zergling x2  
  98  7:52  Zergling x6  
  98  7:56  Ravager, Zergling x6  
  98  7:57  Ravager  
  106  7:59  Zergling x2  
  106  8:00  Zergling x4  
  106  8:02  Zergling x6  
  112  8:11  Overlord  
  111  8:18  Zergling x8  
  99  8:22  Zergling x4  
  99  8:23  Zergling x4  
  92  8:27  Zergling x4  
  92  8:31  Ravager  
  92  8:33  Zergling x4  
  91  8:34  Ravager  
  91  8:36  Zergling x2  
  88  8:47  Ravager  
Show
View Real Time Build Order
Export as new Build Order

Elazer Zerg 

Build Orders: Hatch First 

Get SALT Encoding   

  12  0:00  Drone  
  13  0:12  Overlord  
  13  0:17  Drone  
  14  0:30  Drone x2  
  14  0:35  Drone  
  17  0:51  Hatchery  
  17  0:54  Drone  
  17  0:57  Drone  
  17  1:02  Extractor  
  17  1:12  Spawning Pool  
  17  1:15  Drone  
  18  1:18  Drone  
  18  1:28  Drone  
  19  1:39  Overlord  
  19  1:59  Zergling x2, Queen  
  19  2:01  Zergling x2  
  23  2:03  Metabolic Boost, Queen  
  25  2:08  Zergling x2  
  26  2:15  Drone  
  26  2:16  Drone  
  26  2:22  Drone  
  29  2:24  Drone  
  30  2:34  Drone  
  31  2:40  Hatchery  
  30  2:46  Overlord  
  30  2:52  Drone  
  31  3:01  Drone x3  
  34  3:10  Zergling x8  
  34  3:12  Zergling x8  
  42  3:23  Baneling Nest, Overlord  
  42  3:25  Drone  
  42  3:32  Drone x2  
  44  3:42  Drone  
  44  3:43  Drone  
  44  3:44  Drone x2  
  44  3:47  Drone  
  49  3:49  Drone  
  49  3:50  Drone x2  
  49  3:53  Queen  
  49  3:54  Overlord  
  54  3:57  Drone  
  55  4:04  Overlord  
  55  4:06  Zergling x2  
  53  4:19  Baneling x4  
  53  4:20  Baneling, Zergling x2  
  53  4:21  Zergling x8  
  53  4:22  Queen  
  59  4:26  Extractor  
  59  4:27  Roach Warren  
  59  4:28  Extractor  
  56  4:48  Overlord  
  56  4:49  Drone x4  
  56  4:51  Drone x2  
  60  5:02  Overlord  
  60  5:13  Roach x10  
  79  5:24  Overlord  
  79  5:25  Roach x2  
  83  5:32  Roach x2  
  85  5:36  Roach  
  85  5:39  Roach  
  85  5:40  Overlord x2  
  89  5:54  Zergling x14  
  95  6:04  Zergling x2  
  95  6:05  Zergling x6  
  95  6:06  Ravager x3  
  95  6:09  Overlord  
  95  6:10  Zergling x6  
  104  6:15  Ravager  
  104  6:16  Zergling x10  
  110  6:21  Ravager  
  111  6:30  Zergling x12  
  100  6:42  Drone x6, Lair  
  98  6:48  Evolution Chamber  
  98  6:52  Drone x2  
  98  6:53  Drone  
  86  6:56  Roach x4  
  83  7:06  Roach  
  83  7:07  Roach x3  
  84  7:13  Roach x2  
  84  7:17  Roach  
  84  7:18  Roach x2  
  91  7:22  Roach  
  91  7:24  Roach  
  91  7:27  Drone  
  91  7:28  Drone x3  
  97  7:30  Extractor  
  96  7:37  Overlord  
  96  7:40  Overlord  
  96  7:41  Roach x4  
  104  7:47  Overlord  
  104  7:52  Overlord x2  
  104  7:53  Roach x2  
  105  8:00  Roach x2  
  109  8:12  Overlord  
  100  8:21  Roach  
  100  8:22  Roach x4  
  96  8:30  Roach  
  96  8:31  Roach x3  
  94  8:36  Roach  
  94  8:38  Zergling x8  
Tags
 
Add a new tag
Caveats
  • Supply blocks, unpowered buildings, or Contaminate may cause inaccurate times.
  • Supply counts are checked every 10 seconds.